 Dungeon Crawl Stone Soup version 0.28-a0-1382-g92835e5c71 (webtiles) character file.

Game seed: 6177753540168632354

2073 funkygono the Thaumaturge (level 9, -3/69 HPs)
             Began as a Deep Elf Fire Elementalist on Jan 1, 2022.
             Was an Initiate of Vehumet.
             Slain by Maggie (5 damage)
             ... on level 6 of the Dungeon.
             The game lasted 00:18:28 (6970 turns).

funkygono the Thaumaturge (DEFE)                    Turns: 6970, Time: 00:18:29

Health: -3/69      AC: 24    Str:  5 (7)  XL:     9   Next: 6%
Magic:  3/25       EV:  2    Int: 21 (23) God:    Vehumet [......]
Gold:   342        SH:  0    Dex: 14 (15) Spells: 18/29 levels left

rFire   + . .      SeeInvis .   c - +0 dagger
rCold   + . .      Faith    .   (no shield)
rNeg    . . .      Spirit   .   (armour currently unavailable)
rPois   +          Reflect  .   (helmet currently unavailable)
rElec   +          Harm     .   (cloak currently unavailable)
rCorr   +          Rampage  .   (gloves currently unavailable)
Will    .....      NoTele   +   (boots currently unavailable)
Stlth   ++........              (no amulet)
HPRegen 0.21/turn               j - ring of wizardry
MPRegen 0.19/turn               (no ring)

@: brilliant, tree-form, resistant
A: stationary, stasis, torment immunity, boosted hp
a: Renounce Religion


You were on level 6 of the Dungeon.
You worshipped Vehumet.
Vehumet was noncommittal.
You were a tree.
You visited 2 branches of the dungeon, and saw 7 of its levels.

You collected 342 gold pieces.

Inventory:

Hand Weapons
 c - a +0 dagger (weapon)
 i - a +10 club
Missiles
 d - 89 stones
Armour
 a - a +0 robe
 b - a +0 cloak (melded)
 l - a +0 leather armour (melded)
 q - a +0 helmet (melded)
Jewellery
 j - a ring of wizardry (left branch)
Wands
 h - a wand of polymorph (9)
Scrolls
 g - a scroll of fog
 m - a scroll of holy word {unknown}
 r - a scroll of magic mapping


   Skills:
 + Level 0.3 Fighting
 + Level 0.1 Short Blades
 + Level 1.0 Armour
 + Level 2.7 Dodging
 - Level 2.4 Stealth
 + Level 10.8 Spellcasting
 + Level 4.8 Conjurations
 + Level 8.7 Fire Magic


You had 18 spell levels left.
You knew the following spells:

 Your Spells              Type           Power      Damage    Failure   Level
a - Foxfire               Conj/Fire      100%       2x1d9     1%          1
b - Scorch                Fire           100%       2d10      1%          2
c - Conjure Flame         Conj/Fire      56%        6-21      1%          3
d - Flame Wave            Conj/Fire      56%        2d9       1%          4
e - Slow                  Hex            68%        N/A       2%          1

Your spell library contained the following spells:

 Spells                   Type           Power      Damage    Failure   Level
 Inner Flame              Hex/Fire       44%        N/A       1%          3
 Animate Skeleton         Necr           34%        N/A       2%          1
 Apportation              Tloc           34%        N/A       2%          1
 Summon Small Mammal      Summ           68%        N/A       2%          1
 Confusing Touch          Hex            17%        N/A       8%          3
 Summon Guardian Golem    Hex/Summ       17%        N/A       8%          3
 Vampiric Draining        Necr           17%        2d7       8%          3
 Petrify                  Tmut/Erth      17%        N/A       24%         4
 Metabolic Englaciation   Hex/Ice        8%         N/A       52%         5
 Orb of Destruction       Conj           23%        9d10      93%         7
 Statue Form              Tmut/Erth      11%        N/A       97%         6
 Spellforged Servitor     Conj/Summ      16%        N/A       99%         7


Dungeon Overview and Level Annotations

Branches:
Dungeon (6/15)             Temple (1/1) D:5

Altars:
Ashenzari
Cheibriados
Dithmenos
Fedhas
Gozag
Hepliaklqana
Makhleb
Nemelex Xobeh
Okawaru
Qazlal
Ru
Sif Muna
Vehumet
Xom
Yredelemnul
Zin

Annotations:
D:6 Maggie


Message History

You turn into a tree.
Your +0 cloak melds into your body.
Your +0 helmet melds into your body.
Your +0 leather armour melds into your body.
Your roots penetrate the ground.
Maggie hits you but does no damage. Space warps horribly around you.
* * * LOW HITPOINT WARNING * * *
Unknown command.
You hit Maggie but do no damage.
Maggie is heavily wounded.
Maggie is no longer more vulnerable to fire.
Maggie hits you with a +0 scimitar of distortion.
* * * LOW HITPOINT WARNING * * *
Space warps around you.
* * * LOW HITPOINT WARNING * * *
It was a potion of degeneration.
There was something very wrong with that liquid.
You feel weakened.
You feel dopey.
You feel clumsy. Maggie hits you but does no damage. Space warps around you.
* * * LOW HITPOINT WARNING * * *
It was a potion of resistance.
You feel protected. Maggie completely misses you.
It was a potion of brilliance.
You feel clever all of a sudden. Maggie gestures at you while chanting.
The bolt of fire hits you. You resist.
* * * LOW HITPOINT WARNING * * *
It was a potion of flight.
Your roots keep you in place.
Maggie hits you but does no damage.
You hit Maggie but do no damage.
Maggie is heavily wounded.
Maggie hits you but does no damage.
You hit Maggie.
Maggie is heavily wounded.
Maggie casts a spell.
Maggie attempts to bespell you!
You easily resist.
You closely miss Maggie.
Maggie is heavily wounded.
Maggie hits you but does no damage. Space warps around you.
You die...

.......#
#.###.#
#...# #.#
.#####.#
##.#.##
##..# #.#
.# #.#
#.#.#.#
#.># #.# .#
#.# ##.#.##
##.# #.# .#
#.# #.###.#
#.# #.# ##
#.# ##.#.##
#.# #.# #.#
#.#.#.# #.#
#.# #.#
##.#.## #.#
#.# #.#
#.###♣# #.#
#.# #.#
##.#@##
#.### #.#
#####.###
#.#.#.#
#...# #.#
#.......#
##.#.##
###.###.#
#.....###
#.###.#
#.....#
#.....#
##.#D##
#######
#.....#
#.#§#
#.....#
#...S...#
#######
#.........#


You could see Maggie.

Vanquished Creatures
  A two-headed ogre (D:6)
  Grinder (D:4)
  Sigmund (D:3)
  A steam dragon (D:6)
  A water moccasin (D:6)
  A necrophage (D:4)
  An ogre (D:5)
  A kobold brigand (D:6)
  A bullfrog (D:6)
  A wyvern zombie (D:6)
  A scorpion (D:6)
  2 water moccasin skeletons (D:5)
  A bullfrog zombie (D:6)
  2 hounds
  2 jellies (D:6)
  A bullfrog skeleton (D:5)
  A centaur skeleton (D:5)
  Jessica (D:2)
  An iguana (D:6)
  A hound zombie (D:5)
  A hound skeleton (D:5)
  Robin (D:2)
  3 adders
  3 worms
  5 orcs (D:3)
  5 bats
  10 endoplasms
  2 giant cockroaches
  8 goblins
  7 hobgoblins
  2 quokkas
  6 ball pythons
  3 frilled lizards
  9 kobolds
  2 rats
  A toadstool (D:1)
91 creatures vanquished.

Vanquished Creatures (collateral kills)
  A foxfire (D:1)
1 creature vanquished.

Vanquished Creatures (others)
  An adder (D:6)
  264 foxfires
  A fungus (D:1)
  A plant (D:1)
  4 toadstools (D:1)
271 creatures vanquished.

Grand Total: 363 creatures vanquished

Notes
Turn   | Place    | Note
-------+----------+-------------------------------------------
     0 | D:1      | funkygono the Deep Elf Fire Elementalist began the quest
                  | for the Orb.
     0 | D:1      | Reached XP level 1. HP: 10/10 MP: 6/6
   210 | D:1      | Found a faded altar of an unknown god.
   284 | D:1      | Reached XP level 2. HP: 15/15 MP: 5/8
   471 | D:1      | Learned a level 2 spell: Scorch
  1065 | D:2      | Reached XP level 3. HP: 19/19 MP: 5/10
  1357 | D:2      | Noticed Jessica
  1359 | D:2      | Killed Jessica
  1360 | D:2      | Reached skill level 4 in Spellcasting
  1421 | D:2      | Reached XP level 4. HP: 24/24 MP: 6/12
  1519 | D:2      | You fall into a shaft and drop 2 floors!
  1582 | D:3      | Learned a level 3 spell: Conjure Flame
  1587 | D:3      | Learned a level 4 spell: Flame Wave
  1589 | D:3      | Learned a level 1 spell: Slow
  1820 | D:3      | Found a burning altar of Makhleb.
  2166 | D:2      | Noticed Robin
  2223 | D:2      | Killed Robin
  3045 | D:3      | Noticed Sigmund
  3062 | D:3      | Killed Sigmund
  3063 | D:3      | Reached skill level 5 in Spellcasting
  3063 | D:3      | Reached skill level 5 in Fire Magic
  3063 | D:3      | Reached XP level 5. HP: 13/28 MP: 7/14
  3063 | D:3      | Reached XP level 6. HP: 15/32 MP: 8/16
  3397 | D:3      | Found a blossoming altar of Fedhas.
  3847 | D:4      | Noticed Grinder
  3854 | D:4      | Killed Grinder
  3855 | D:4      | Reached skill level 6 in Spellcasting
  4291 | D:4      | Reached XP level 7. HP: 36/36 MP: 13/19
  4633 | D:5      | Entered Level 5 of the Dungeon
  4637 | D:5      | Found a shadowy altar of Dithmenos.
  4643 | D:5      | Reached skill level 7 in Spellcasting
  4799 | D:5      | Noticed an angel
  4801 | D:5      | Found a glowing silver altar of Zin.
  4802 | D:5      | Found a shimmering altar of Xom.
  4897 | D:5      | Found a staircase to the Ecumenical Temple.
  4943 | Temple   | Entered the Ecumenical Temple
  5020 | Temple   | Became a worshipper of Vehumet
  5693 | D:6      | Reached skill level 8 in Spellcasting
  5813 | D:6      | Reached XP level 8. HP: 32/41 MP: 15/22
  6029 | D:6      | Noticed a two-headed ogre
  6037 | D:6      | Killed a two-headed ogre
  6038 | D:6      | Reached skill level 9 in Spellcasting
  6107 | D:6      | Reached skill level 10 in Spellcasting
  6958 | D:6      | Noticed Maggie
  6959 | D:6      | Reached skill level 1 in Armour
  6959 | D:6      | Reached XP level 9. HP: 42/46 MP: 7/25
  6966 | D:6      | HP: 1/69 [Maggie/bolt of fire (4)]
  6970 | D:6      | Slain by Maggie

Illustrated notes

Levels and vault maps discovered:
D:1:      ebering_trefoil_3fold, layout_basic,
          shapermc_ecumenical_altar_rom_forum, minivault_24,
          minmay_gold_behind_fungi, lemuel_another_geyser
D:2:      layout_loops_ring, kennysheep_generic_room_7, uniq_robin, uniq_jessica
D:3:      layout_basic, lemuel_round_altar, mainiacjoe_overflow_24_doors,
          chequers_avenue, corexii_corridor_pit, nrook_loot_triangle,
          uniq_sigmund
D:4:      layout_cave_pods, uniq_grinder
D:5:      layout_loops_corners, grunt_temple_overflow_order_and_chaos_1,
          nicolae_dithmenos_shadow_blocks, minmay_temple_entry_sparse_star
D:6:      layout_basic, roderic_roman_lattice, uniq_maggie
Temple:   jpeg_temple_clearing

Skill      XL: |  1  2  3  4  5  6  7  8 |
---------------+-------------------------+-----
Fire Magic     | 4 5 6 7 8 |  8.7
Spellcasting   | 4 5 6 8 10 | 10.8
Conjurations   | 2 3 4 |  4.8
Armour         | 1 |  1.0
Fighting       | |  0.3
Short Blades   | |  0.1
Dodging        | |  2.7
Stealth        | |  2.4

Action                   |  1- 3 |  4- 6 |  7- 9 || total
-------------------------+-------+-------+-------++-------
Melee: Unarmed           |    16 |       |       ||    16
       Dagger            |       |     7 |     4 ||    11
 Cast: Foxfire           |    44 |    63 |    49 ||   156
       Scorch            |     7 |    14 |    39 ||    60
       Conjure Flame     |       |     2 |       ||     2
  Use: Scroll            |     1 |     5 |     4 ||    10
       Potion            |       |     1 |     5 ||     6
Armor: Robe              |     4 |     2 |     1 ||     7
       Skin              |       |     2 |     5 ||     7
       Leather armour    |       |       |     6 ||     6
Dodge: Dodged            |     3 |     4 |    11 ||    18

Table legend: (Time is in decaauts)
 A = Elapsed time spent in this place.
 B = Non-inter-level travel time spent in this place.
 C = Inter-level travel time spent in this place.
 D = Time resting spent in this place.
 E = Time spent auto-exploring this place.
 F = Levels seen in this place.
 G = Mean time per level.
                   A        B        C        D        E       F      G
               +--------+--------+--------+--------+--------+-----+--------+
         Total |   6971 |   6835 |    136 |   1529 |   3100 |   7 |  995.9 |
       Dungeon |   6877 |   6758 |    119 |   1529 |   3039 |   6 | 1146.2 |
        Temple |     93 |     77 |     16 |      0 |     61 |   1 |   93.0 |
               +--------+--------+--------+--------+--------+-----+--------+

Top non-repeatable levels by time:
     D:2: 1351 daAuts
     D:6: 1230 daAuts
     D:3: 1168 daAuts
     D:4: 1085 daAuts
     D:1: 1028 daAuts
     D:5: 1013 daAuts
  Temple: 93 daAuts
